 Dungeon Crawl Stone Soup version 0.29.1-2-gbd0b4ee654 (webtiles) character file.

Game seed: 15558549403983119023

47 whiskeysaurus the Shield-Bearer (level 3, -8/36 HPs)
             Began as a Troll Fighter on Nov 19, 2022.
             Mangled by Sigmund
             ... wielding a +0 scythe
              (11 damage)
             ... on level 2 of the Dungeon.
             The game lasted 00:02:30 (1157 turns).

whiskeysaurus the Shield-Bearer (Troll Fighter)     Turns: 1157, Time: 00:02:31

Health: -8/36      AC:  4    Str: 26    XL:     3   Next: 48%
Magic:  2/2        EV:  8    Int:  4    God:
Gold:   26         SH:  7    Dex:  9    Spells: 2/2 levels left

rFire   . . .      SeeInvis .     - Unarmed
rCold   . . .      Faith    .   b - +0 kite shield
rNeg    . . .      Spirit   .   a - +0 robe
rPois   +          Reflect  .   (helmet restricted)
rElec   .          Harm     .   (no cloak)
rCorr   .          Rampage  .   (gloves unavailable)
Will    .....                   (boots unavailable)
Stlth   +.........              (no amulet)
HPRegen 0.92/turn               g - ring of poison resistance
MPRegen 0.08/turn               (no ring)

@: mighty
A: large, unfitting armour, claws 3, regeneration 1, shaggy fur 1, tough skin 1
a: no special abilities


You were on level 2 of the Dungeon.
You visited 1 branch of the dungeon, and saw 2 of its levels.

You collected 26 gold pieces.

Inventory:

Armour
 a - a +0 robe (worn)
 b - a +0 kite shield (worn)
Jewellery
 g - a ring of poison resistance (left claw)
Scrolls
 e - a scroll of vulnerability {unknown}
 h - a scroll of enchant armour {unknown}
Potions
 d - a potion of lignification {unknown}
 f - a potion of magic {unknown}
 i - a potion of curing {unknown}


   Skills:
 + Level 2.7 Fighting
 + Level 2.7 Dodging
 + Level 3.0 Shields
 * Level 2.9 Unarmed Combat
 + Level 0.1 Spellcasting


You had 2 spell levels left.
You didn't know any spells.
Your spell library contained the following spells:

 Spells                   Type           Power      Damage    Failure   Level
 Sublimation of Blood     Necr           0%         N/A       90%         2
 Wereblood                Tmut           0%         N/A       90%         2
 Summon Hydra             Summ           0%         N/A       100%        7


Dungeon Overview and Level Annotations

Branches:
Dungeon (2/15)

Altars:

Annotations:
D:2 Sigmund


Innate Abilities, Weirdness & Mutations

You are too large for most types of armour.
You have claws for hands.
Your natural rate of healing is unusually fast.
You are covered in fur. (AC +1)
You have tough skin. (AC +1)


Message History

You climb downwards.
Level annotation: Sigmund Sigmund hits you with a +0 scythe.
There is a stone staircase leading up here.
You feel very mighty all of a sudden. You block Sigmund's attack.
You claw Sigmund!
Sigmund is moderately wounded.
Sigmund hits you but does no damage.
You barely miss Sigmund.
Sigmund is moderately wounded.
Sigmund barely misses you.
You closely miss Sigmund.
Sigmund is moderately wounded.
You closely miss Sigmund.
Sigmund is moderately wounded.
Sigmund mumbles some strange words.
Sigmund flickers and vanishes!
Deactivating autopickup; reactivate with Ctrl-A.
No target in view!
You barely miss something. Something hits you!
You closely miss something. Something hits you.
You claw something! You completely miss something.
You hear some strange, mumbled words.
You are confused.
A magic dart appears from out of thin air!
The magic dart hits you! Something hits you.
There is a stone staircase leading up, spattered with blood here.
You're too confused to move!
Something hits you but does no damage.
You feel less confused.
You hear some strange, mumbled words.
A magic dart appears from out of thin air!
The magic dart hits you.
There is a stone staircase leading up, spattered with blood here.
You miss something. Something hits you!
* * * LOW HITPOINT WARNING * * *
You miss something. Something hits you!
You die...

...........# ...
....<.....@#####+#>.#
...........##.......#
...#...#+#.##......#
...###.# #. #.....#
## .# #.##.....+
.#.#........#
#..........#
#######.{@.#
#####....######
...............
.........##..##
.####..<.# ...
#........#.
###.#.#..# #.#.# ##
#.#..


There were no monsters in sight!

Vanquished Creatures
  2 dart slugs (D:1)
  4 ball pythons (D:1)
  4 bats (D:1)
  4 endoplasms (D:1)
  8 jackals (D:1)
  6 kobolds (D:1)
  2 quokkas (D:1)
  2 frilled lizards (D:1)
  4 goblins (D:1)
  A rat (D:1)
37 creatures vanquished.

Notes
Turn   | Place    | Note
-------+----------+-------------------------------------------
     0 | D:1      | whiskeysaurus the Troll Fighter began the quest for the
                  | Orb.
     0 | D:1      | Reached XP level 1. HP: 22/22 MP: 0/0
   189 | D:1      | Found a faded altar of an unknown god.
   194 | D:1      | Reached XP level 2. HP: 27/27 MP: 1/1
   313 | D:1      | Reached skill level 3 in Shields
   430 | D:1      | Reached XP level 3. HP: 36/36 MP: 2/2
   997 | D:2      | Noticed Sigmund
  1157 | D:2      | Mangled by Sigmund

Illustrated notes

Levels and vault maps discovered:
D:1:      amcnicky_arrival_underground_garden, layout_basic,
          ebering_ecumenical_altar_webs, serial_co_window_serial,
          co_window_paths_a, co_window_corner_a, co_window_paths_a,
          co_window_corner_a, co_window_paths_b, co_window_unsneaky_path_b,
          co_window_broadway_c, co_window_of_opportunity_b, co_window_sun,
          co_window_4corner_a, glass_columns_a, glass_columns_a
D:2:      layout_basic, basic_altar, uniq_sigmund

Skill      XL: |  1  2 |
---------------+-------+-----
Shields        | 3 |  3.0
Fighting       | |  2.7
Dodging        | |  2.7
Unarmed Combat | |  2.9
Spellcasting   | |  0.1

Action                   || total
-------------------------++-------
Melee: Unarmed           ||    84
  Use: Potion            ||     1
Armor: Robe              ||    35
Dodge: Dodged            ||    29
Block: Kite shield       ||    35
